AoeStats
← ЪзЪ С

Golden Pit

510037641Analyzed
1v1 RM · 2d ago on Sep 29, 2026· 23m 11s· 2 players
Game mode
Random Map
Map size
Tiny (2 player)
Population
200
Speed
Normal
Resources
Standard
Victory
Conquest
Starting age
Dark Age
Ending age
Imperial Age
RankedLock teamsTeams togetherTeam positionsShared explorationLock speedFull tech treeHidden civsTurbo modeCheats
Victory
Defeat
🇲🇽 Aztecs · Mexico
544
+14
🇨🇦 Goths · Canada
498
-14
ЪзЪ С
2:32 Loom
rocko8921
0:36 Loom
12:33 Feudal Age
13:07 Arson
13:13 Double-Bit Axe
13:36 Horse Collar
15:20 Wheelbarrow
19:45 Gold Mining
19:44 Man-at-Arms
22:21 Padded Archer Armor
Connection lost

Rejoining the realm…

Still unreachable

The connection could not be restored.

Session expired

The server has moved on; the page needs a fresh start.